 Dungeon Crawl Stone Soup version 0.28-a0-1638-g9123634e07 (webtiles) character file.

Game seed: 9578536211918795421

1120 testman the Conjurer (level 8, -12/57 HPs)
             Began as a Pale Draconian Conjurer on Jan 25, 2022.
             Was a Follower of Vehumet.
             Killed from afar by Pikel (14 damage)
             ... with an iceblast
             ... on level 5 of the Dungeon.
             The game lasted 00:32:09 (6367 turns).

testman the Conjurer (Pale Draconian Conjurer)      Turns: 6367, Time: 00:32:10

Health: -12/57     AC:  7    Str:  9    XL:     8   Next: 12%
Magic:  20/24      EV: 12    Int: 27    God:    Vehumet [*.....]
Gold:   190        SH:  0    Dex: 10    Spells: 1/17 levels left

rFire   . . .      SeeInvis .   e - +0 dagger
rCold   . . .      Faith    .   (no shield)
rNeg    . . .      Spirit   .   (armour unavailable)
rPois   .          Reflect  .   (helmet restricted)
rElec   .          Harm     .   f - +0 cloak
rCorr   .          Rampage  .   (no gloves)
Will    .....                   (no boots)
Stlth   ++........              (no amulet)
HPRegen 0.19/turn               g - +6 ring of intelligence
MPRegen 0.19/turn               l - ring of magical power

@: no status effects
A: breathe steam, AC +6, unfitting armour, cold-blooded, steam resistance
a: Breathe Steam, Renounce Religion


You were on level 5 of the Dungeon.
You worshipped Vehumet.
Vehumet was aware of your devotion.
You visited 2 branches of the dungeon, and saw 7 of its levels.

You collected 190 gold pieces.

Inventory:

Hand Weapons
 e - a +0 dagger (weapon)
Missiles
 b - 107 stones
 h - 10 javelins
 p - 4 poisoned darts
 q - 3 curare-tipped darts
 u - 5 atropa-tipped darts
 x - 3 boomerangs
Armour
 f - a +0 cloak (worn)
Jewellery
 g - a +6 ring of intelligence (left hand)
 l - a ring of magical power (right hand)
 m - a ring of protection from fire
 r - a ring of resist corrosion
 y - a ring of fire
Wands
 k - a wand of iceblast (13)
Scrolls
 a - a scroll of blinking {unknown}
 c - 10 scrolls of identify {unknown}
 d - a scroll of fear {unknown}
 s - a scroll of vulnerability {unknown}
 t - a scroll of immolation {unknown}
 v - a scroll of teleportation {unknown}
 w - a scroll of acquirement {unknown}
Potions
 i - a potion of brilliance {unknown}
 j - a potion of haste {unknown}
 n - a potion of mutation {unknown}
 o - 2 potions of curing


   Skills:
 - Level 1.7 Dodging
 - Level 1.7 Stealth
 - Level 5.0 Spellcasting
 - Level 6.5 Conjurations
 - Level 1.1 Translocations
 + Level 6.4 Air Magic


You had one spell level left.
You knew the following spells:

 Your Spells              Type           Power      Damage    Failure   Level
a - Magic Dart            Conj           100%       1d8       1%          1
b - Searing Ray           Conj           84%        2d7       1%          2
c - Iskenderun's Mystic   Conj/Tloc      27%        2d7       14%         4
d - Lightning Bolt        Conj/Air       20%        1d35      14%         5
e - Airstrike             Air            20%        N/A       4%          4

Your spell library contained the following spells:

 Spells                   Type           Power      Damage    Failure   Level
 Sandblast                Erth           12%        2d6       7%          1
 Dazzling Flash           Conj/Hex       48%        N/A       5%          3
 Fulminant Prism          Conj/Hex       12%        3d9       19%         4
 Summon Lightning Spire   Summ/Air       24%        N/A       19%         4
 Ozocubu's Armour         Ice            6%         N/A       22%         3
 Metabolic Englaciation   Hex/Ice        3%         N/A       89%         5
 Simulacrum               Ice/Necr       3%         N/A       100%        6


Dungeon Overview and Level Annotations

Branches:
Dungeon (6/15)             Temple (1/1) D:5

Altars:
Ashenzari
Cheibriados
Dithmenos
Elyvilon
Fedhas
Gozag
Hepliaklqana
Kikubaaqudgha
Makhleb
Nemelex Xobeh
Okawaru
Qazlal
Ru
Sif Muna
Trog
Uskayaw
Vehumet
Wu Jian
Yredelemnul
Zin
The Shining One

Shops:
D:1 (=

Annotations:
D:4 2 transporters, IdlyInterested's ghost, amateur DsWn
D:5 Pikel
D:6 Dowan; Duvessa


Innate Abilities, Weirdness & Mutations

You can breathe blasts of scalding, opaque steam.
Your pale cyan-grey scales are hard. (AC +6)
You cannot fit into any form of body armour.
You are cold-blooded and may be slowed by cold attacks.
You are immune to the effects of steam.


Message History

You start resting.
Magic restored.
You climb downwards.
Level annotation: Dowan; Duvessa; Pikel Duvessa hits you with a +0 rapier.
Duvessa closely misses you.
There is a stone staircase leading up here.
Duvessa hits you but does no damage.
You climb upwards.
There is a stone staircase leading down, spattered with blood here.
Casting: Iskenderun's Mystic Blast (dangerous; 14% risk of failure)
Confirm with . or Enter, or press ? or * to list all spells.
Aiming: Searing Ray (safe; 1% risk of failure)
Press: ? - help, Shift-Dir - straight line, f - Pikel
Aim: Pikel, wielding a +2 whip of flaming, wearing a +0 robe and carrying a wand of iceblast (12) (77% to hit)
The searing ray misses Pikel. (Press . to maintain the ray.) Pikel hits you with a +2 whip of flaming.
Pikel burns you.
The searing ray hits Pikel!
Pikel is lightly wounded.
Pikel hits you with a +2 whip of flaming!
Pikel burns you.
The searing ray hits Pikel!
Pikel is moderately wounded.
Pikel hits you with a +2 whip of flaming!
Pikel burns you.
The searing ray hits Pikel.
Pikel is heavily wounded.
You finish channelling your searing ray.
Pikel hits you with a +2 whip of flaming.
Pikel burns you.
Pikel zaps a wand.
The mass of ice explodes!
The iceblast engulfs you!
* * * LOW HITPOINT WARNING * * *
Unknown command.
Unknown command.
It was a potion of curing.
You feel better.
Pikel zaps a wand.
The mass of ice explodes!
The iceblast engulfs you!
* * * LOW HITPOINT WARNING * * *
Pikel zaps a wand.
The mass of ice explodes!
The iceblast engulfs you!
You die...

..........## ##.#
...........# #.## ###
..........## #..# ##..
..........# ############.#
#... .........##
##..#.......#.####...
...)....##
##K......PP...........
.....).##
##..>....PPPP)....##...
......##
##......#PP_PP.#...##...
..).)##
##......@.P(P.P.#..###...
....##
##.........P.PPP.#..# #...
...##
##...................#
#... ##.##
#.........^...###...##
#...
#..###..............###..#
##..
##..#...............##...#
#..
##.................##..##
#..
##................)##..#
###
##..................)...#


You could see Pikel.

Vanquished Creatures
  A black bear (D:5)
  An ice beast (D:6)
  2 ogres
  A centaur (D:5)
  3 lemures (D:5)
  A phantom (D:5)
  A scorpion (D:5)
  A water moccasin zombie (D:5)
  A howler monkey (D:5)
  2 jellies (D:5)
  2 orc priests (D:4)
  A hound (D:5)
  3 orc wizards
  2 iguanas
  5 adders
  A shadow imp (D:5)
  2 ufetubi (D:5)
  3 worms (D:2)
  A dart slug (D:3)
  12 orcs
  5 endoplasms
  2 giant cockroaches
  12 goblins
  12 hobgoblins
  9 jackals
  4 kobolds (D:1)
  4 quokkas
  9 ball pythons
  9 bats
  3 frilled lizards
  6 rats
121 creatures vanquished.

Notes
Turn   | Place    | Note
-------+----------+-------------------------------------------
     0 | D:1      | testman the Draconian Conjurer began the quest for the Orb.
     0 | D:1      | Reached XP level 1. HP: 14/14 MP: 3/3
   474 | D:1      | Found Sopnat's Jewellery Emporium.
   492 | D:1      | Reached XP level 2. HP: 19/20 MP: 5/5
   506 | D:1      | Learned a level 2 spell: Searing Ray
   707 | D:1      | Found Leqogh's Weapon Boutique.
  1138 | D:1      | Reached XP level 3. HP: 26/26 MP: 7/7
  1246 | D:1      | Found a faded altar of an unknown god.
  2347 | D:2      | Reached XP level 4. HP: 30/33 MP: 8/8
  2738 | D:2      | Reached skill level 5 in Conjurations
  3520 | D:4      | Noticed IdlyInterested's ghost (amateur DsWn)
  3521 | D:4      | Found a transporter.
  3556 | D:4      | Found a transporter.
  3854 | D:4      | Reached XP level 5. HP: 37/38 MP: 10/10
  4039 | D:4      | Reached XP level 6. HP: 29/45 MP: 12/12
  4460 | D:5      | Entered Level 5 of the Dungeon
  4493 | D:5      | Reached skill level 5 in Spellcasting
  4499 | D:5      | Learned a level 4 spell: Iskenderun's Mystic Blast
  4588 | D:5      | Found a staircase to the Ecumenical Temple.
  4597 | Temple   | Entered the Ecumenical Temple
  4715 | Temple   | Became a worshipper of Vehumet
  4922 | D:5      | Reached skill level 1 in Translocations
  4922 | D:5      | Your scales start taking on a pale cyan-grey colour.
  4922 | D:5      | Reached XP level 7. HP: 50/50 MP: 14/14
  4922 | D:5      | Gained mutation: You are immune to the effects of steam.
                  | [Pale Draconian growth]
  4929 | D:5      | Learned a level 5 spell: Lightning Bolt
  5033 | D:5      | Reached skill level 1 in Air Magic
  5368 | D:5      | Found a broken altar of Ashenzari.
  5368 | D:5      | Found a glowing silver altar of Zin.
  5501 | D:5      | Found a blossoming altar of Fedhas.
  5527 | D:5      | Reached skill level 5 in Air Magic
  5621 | D:5      | Learned a level 4 spell: Airstrike
  5649 | D:5      | Reached * piety under Vehumet
  5649 | D:5      | Offered knowledge of Sandblast by Vehumet.
  5650 | D:5      | Reached XP level 8. HP: 57/57 MP: 15/15
  5849 | D:6      | Noticed Duvessa
  5852 | D:6      | Noticed Pikel
  5854 | D:6      | Noticed Dowan
  6366 | D:5      | HP: 2/57 [Pikel/iceblast (11)]
  6367 | D:5      | Killed from afar by Pikel

Illustrated notes

Levels and vault maps discovered:
D:1:      amcnicky_arrival_double_pillar, layout_basic, serial_shops,
          shop_fountains, nicolae_shop_hallway_stairs,
          chequers_ecumenical_altar_simple_redux
D:2:      layout_basic, grunt_ministairs_14
D:3:      layout_basic, corexii_leaking_fountain, hangedman_glass_teeth
D:4:      layout_loops_cross, gammafunk_ghost_stat_death
D:5:      layout_cave_pods, gammafunk_temple_overflow_statue,
          fedhas_bush_and_centaur_altar, minmay_temple_entry_antechambers
D:6:      layout_cave_pools, uniq_blork_the_orc, uniq_duvessa, uniq_menkaure,
          uniq_pikel
Temple:   dpeg_five_rooms_temple

Skill      XL: |  1  2  3  4  5  6  7  8 |
---------------+-------------------------+-----
Spellcasting   | 3 4 5 |  5.0
Conjurations   | 5 6 |  6.5
Translocations | 1 |  1.1
Air Magic      | 5 6 |  6.4
Dodging        | |  1.7
Stealth        | |  1.7

Action                   |  1- 3 |  4- 6 |  7- 9 || total
-------------------------+-------+-------+-------++-------
Melee: Unarmed           |    51 |       |       ||    51
       Whip              |    16 |       |       ||    16
       Tailslap          |    11 |     7 |     3 ||    21
       Punch             |     3 |     1 |       ||     4
       Dagger            |    56 |    67 |    15 ||   138
 Cast: Magic Dart        |    47 |    40 |    25 ||   112
       Searing Ray       |     6 |    18 |    12 ||    36
       Iskenderun's Myst |       |       |     6 ||     6
       Lightning Bolt    |       |       |     1 ||     1
       Airstrike         |       |       |     1 ||     1
 Abil: Breathe Steam     |       |       |     3 ||     3
  Use: Potion            |       |       |     1 ||     1
 Stab: Sleeping          |     4 |       |       ||     4
Armor: Skin              |    51 |    24 |    20 ||    95
Dodge: Dodged            |   105 |    42 |    26 ||   173

Table legend: (Time is in decaauts)
 A = Elapsed time spent in this place.
 B = Non-inter-level travel time spent in this place.
 C = Inter-level travel time spent in this place.
 D = Time resting spent in this place.
 E = Time spent auto-exploring this place.
 F = Levels seen in this place.
 G = Mean time per level.
                   A        B        C        D        E       F      G
               +--------+--------+--------+--------+--------+-----+--------+
         Total |   6371 |   6219 |    152 |   2138 |   3107 |   7 |  910.1 |
       Dungeon |   6102 |   5981 |    121 |   2138 |   2887 |   6 | 1017.0 |
        Temple |    268 |    237 |     31 |      0 |    220 |   1 |  268.0 |
               +--------+--------+--------+--------+--------+-----+--------+

Top non-repeatable levels by time:
     D:1: 1642 daAuts
     D:5: 1560 daAuts
     D:2: 1288 daAuts
     D:4: 941 daAuts
     D:3: 588 daAuts
  Temple: 268 daAuts
     D:6: 81 daAuts
